 Dungeon Crawl Stone Soup version 0.29.1-15-g9cfb28693d (webtiles) character file.

Game seed: 18359534883195282473

93 PorkyPig the Stinger (level 4, 0/24 HPs)
             Began as a Gargoyle Venom Mage on Mar 3, 2023.
             Killed from afar by a steam dragon (16 damage)
             ... with a ball of steam
             ... on level 4 of the Dungeon.
             The game lasted 00:24:20 (4194 turns).

PorkyPig the Stinger (Gargoyle Venom Mage)          Turns: 4194, Time: 00:24:23

Health: 0/24       AC:  6    Str: 12    XL:     4   Next: 62%
Magic:  0/7        EV: 12    Int: 17    God:
Gold:   144        SH:  0    Dex: 10    Spells: 6/7 levels left

rFire   . . .      SeeInvis .   w - +0 whip
rCold   . . .      Faith    .   (no shield)
rNeg    + . .      Spirit   +   f - +0 robe
rPois   ∞          Reflect  .   (no helmet)
rElec   +          Harm     .   y - +0 cloak
rCorr   .          Rampage  .   (no gloves)
Will    .....                   (no boots)
Stlth   ++........              n - amulet of guardian spirit
HPRegen 0.08/turn               (no ring)
MPRegen 0.10/turn               (no ring)

@: no status effects
A: sickness immunity, AC +3, negative energy resistance 1, electricity
resistance, torment resistance 1, petrification resistance
a: no special abilities


You were on level 4 of the Dungeon.
You visited 1 branch of the dungeon, and saw 4 of its levels.

You collected 144 gold pieces.

Inventory:

Hand Weapons
 a - a +0 spear
 d - a +2 vampiric dagger
 m - a +0 mace
 o - a +0 short sword
 w - a +0 whip (weapon)
 x - a +1 vorpal morningstar
 A - a +2 vorpal hand axe
Missiles
 c - 49 stones
Armour
 f - a +0 robe (worn)
 k - a +0 leather armour
 u - a +1 scale mail of cold resistance
 y - a +0 cloak (worn)
Magical Staves
 v - a staff of air
Jewellery
 h - a ring of ice
 n - an amulet of guardian spirit (around neck)
 p - a ring of ice
Wands
 s - a wand of iceblast (1) (quivered)
 B - a wand of flame (3)
Scrolls
 g - a scroll of blinking
Potions
 b - a potion of magic
 j - 2 potions of resistance
 l - 2 potions of lignification
 t - 2 potions of curing
 z - 2 potions of heal wounds {unknown}


   Skills:
 + Level 0.6 Fighting
 - Level 1.7 Dodging
 - Level 2.2 Stealth
 + Level 2.4 Spellcasting
 + Level 2.5 Transmutations
 + Level 3.5 Poison Magic


You had 6 spell levels left.
You knew the following spells:

 Your Spells              Type           Power      Damage    Failure   Level
a - Sting                 Tmut/Pois      48%        1d5       5%          1

Your spell library contained the following spells:

 Spells                   Type           Power      Damage    Failure   Level
 Poisonous Vapours        Pois/Air       16%        N/A       14%         2
 Passwall                 Tmut/Erth      5%         N/A       17%         2
 Ensorcelled Hibernation  Hex/Ice        4%         N/A       28%         2
 Static Discharge         Conj/Air       2%         3-4/arc   28%         2
 Mephitic Cloud           Conj/Pois/Air  6%         N/A       34%         3
 Olgreb's Toxic Radiance  Pois           14%        N/A       38%         4
 Swiftness                Air            2%         N/A       50%         3
 Lightning Bolt           Conj/Air       1%         1d12      99%         5
 Maxwell's Capacitive Co  Air            1%         ∞         100%        8


Dungeon Overview and Level Annotations

Branches:
Dungeon (4/15)
 Temple: D:4-7

Altars:

Shops:
D:2 =   D:3 (


Innate Abilities, Weirdness & Mutations

You are immune to sickness and miasma.
Your stone body is resilient. (AC +3)
You are immune to poison.
You resist negative energy. (rN+)
You are resistant to electric shocks. (rElec)
You are resistant to unholy torment.
You are immune to petrification.


Message History

The steam dragon breathes steam at you. The ball of steam misses you.
The hobgoblin closely misses you.
You hear a shout!
The hobgoblin attacks as you move away! The hobgoblin misses you.
Your surroundings flicker for a moment.
The adder is engulfed in a cloud of scalding steam.
You hit the adder.
The adder is almost dead.
The adder bites you but does no damage. The adder closely misses you.
You completely miss the adder.
The adder is almost dead.
The adder bites you but does no damage.
Casting: Sting (safe; 5% risk of failure)
Confirm with . or Enter, or press ? or * to list all spells.
Aiming: Sting (safe; 5% risk of failure)
Press: ? - help, Shift-Dir - straight line, f - adder
Aim: an adder (almost dead, 53% to hit)
The sting hits the adder.
The adder is poisoned.
You kill the adder!
The hobgoblin hits you.
Okay, then.
Casting: Sting (safe; 5% risk of failure)
Confirm with . or Enter, or press ? or * to list all spells.
Aiming: Sting (safe; 5% risk of failure)
Press: ? - help, Shift-Dir - straight line, f - steam dragon
Aim: a steam dragon (71% to hit)
The sting hits the steam dragon.
The steam dragon is poisoned.
The steam dragon is lightly wounded.
The hobgoblin hits you but does no damage.
The steam dragon bites you! The steam dragon barely misses you.
The hobgoblin attacks as you move away! The hobgoblin closely misses you.
You hit the hobgoblin but do no damage.
The hobgoblin hits you but does no damage.
You hit the hobgoblin but do no damage. The hobgoblin closely misses you.
The steam dragon breathes steam at you.
The ball of steam hits the hobgoblin!
The hobgoblin dies!
The ball of steam hits you!!
Ouch! That really hurt!
You die...

# .. #. #.
.. ###.
#.#.###..
........#
#..##
##†.#
##D####
#.§@.#
####.###
#...##
####....#
#.......#
...##...<#
## ######


You could see a steam dragon (poisoned, catching breath).

Vanquished Creatures
  Terence (D:2)
  An adder (D:4)
  2 dart slugs
  6 orcs
  6 endoplasms
  3 giant cockroaches
  8 goblins
  6 hobgoblins
  A jackal (D:2)
  3 quokkas
  A ball python (D:2)
  A bat (D:2)
  3 frilled lizards
  7 kobolds
  2 rats
51 creatures vanquished.

Vanquished Creatures (others)
  A hobgoblin (D:4)
  A plant (D:1)
2 creatures vanquished.

Grand Total: 53 creatures vanquished

Notes
Turn   | Place    | Note
-------+----------+-------------------------------------------
     0 | D:1      | PorkyPig the Gargoyle Venom Mage began the quest for the
                  | Orb.
     0 | D:1      | Reached XP level 1. HP: 10/10 MP: 3/3
   221 | D:1      | Reached XP level 2. HP: 15/15 MP: 3/5
   752 | D:1      | Reached skill level 1 in Transmutations
  1272 | D:2      | Reached XP level 3. HP: 18/19 MP: 4/6
  2240 | D:2      | Found Usophel's Jewellery Boutique.
  2583 | D:2      | Found a faded altar of an unknown god.
  2670 | D:2      | Noticed Terence
  2688 | D:2      | Killed Terence
  2689 | D:2      | Reached XP level 4. HP: 12/24 MP: 1/7
  3771 | D:3      | Found Pydwil's Antique Weapon Boutique.
  4183 | D:4      | Noticed a steam dragon
  4194 | D:4      | Killed from afar by a steam dragon

Illustrated notes

Levels and vault maps discovered:
D:1:      wander_arrival_fairy_ring, layout_rooms, minivault_25,
          nicolae_eternal_life
D:2:      wad_crossroads, layout_basic,
          dreamdust_ecumenical_altar_hidden_monk_grotto, serial_shops,
          nicolae_square_shop, minmay_cut_off, uniq_terence
D:3:      layout_basic, serial_shops, nicolae_shop_crystal, grunt_ministairs_6,
          minmay_fractal_squares_gapless_5
D:4:      minmay_evil_eye, layout_rooms, overflow_temple_1_default,
          nicolae_qazlal_scattered_showers, kennysheep_generic_room_2

Skill      XL: |  1  2  3 |
---------------+----------+-----
Transmutations | 1 2 |  2.5
Fighting       | |  0.6
Dodging        | |  1.7
Stealth        | |  2.2
Spellcasting   | |  2.4
Poison Magic   | |  3.5

Action                   |  1- 3 |  4- 6 || total
-------------------------+-------+-------++-------
Melee: Whip              |    59 |    39 ||    98
       Dagger            |     2 |     2 ||     4
Throw: Stone             |    16 |     3 ||    19
 Cast: Sting             |    38 |    11 ||    49
Evoke: Wand              |       |     1 ||     1
  Use: Scroll            |       |     9 ||     9
 Stab: Sleeping          |     3 |     2 ||     5
Armor: Robe              |    12 |    15 ||    27
Dodge: Dodged            |    33 |    33 ||    66
